 Dungeon Crawl Stone Soup version 0.30-a0-857-gcaf70739d4 (webtiles) character file.

Game seed: 141495399824602287

35726 Jossarian the Thaumaturge (level 13, -13/59 HPs)
             Began as a Spriggan Conjurer on Mar 5, 2023.
             Was an Elder of Vehumet.
             Mangled by an anaconda (17 damage)
             ... on level 1 of the Snake Pit on Mar 6, 2023.
             The game lasted 04:11:18 (20191 turns).

Jossarian the Thaumaturge (Spriggan Conjurer)      Turns: 20191, Time: 04:11:19

Health: -13/59     AC:  5    Str:  5    XL:     13   Next: 49%
Magic:  33/41      EV: 18    Int: 27    God:    Vehumet [****..]
Gold:   556        SH:  0    Dex: 15    Spells: 5/41 levels left

rFire   + . .      SeeInvis +    i - +8 lance "Wyrmbane" {slay drac, rPois rF+ rC+ AC+3}
rCold   + . .      Faith    .    A - orb {mayhem}
rNeg    . . .      Spirit   .    a - +0 robe
rPois   +          Reflect  .    (helmet restricted)
rElec   .          Rampage  .    (no cloak)
rCorr   .                        (gloves unavailable)
Will    ++...                    (boots unavailable)
Stlth   ++++                     k - amulet of regeneration
HPRegen 1.09/turn                h - +6 ring of intelligence
MPRegen 0.27/turn                o - ring of magical power

@: constricted, very quick
A: very small, no large weapons, unfitting armour, see invisible, speed 3
a: Renounce Religion


You were on level 1 of the Snake Pit.
You worshipped Vehumet.
Vehumet was greatly pleased with you.
You visited 5 branches of the dungeon, and saw 18 of its levels.
You also visited: Bailey.

You collected 816 gold pieces.
You spent 260 gold pieces at shops.

Inventory:

Hand Weapons
 i - the +8 lance "Wyrmbane" (weapon) {slay drac, rPois rF+ rC+ AC+3}
   (You acquired it on level 5 of the Dungeon)

   AC:        It affects your AC (+3).
   rF:        It protects you from fire.
   rC:        It protects you from cold.
   rPois:     It protects you from poison.
 j - a +3 dagger of venom
 w - the +0 mace of Amorality {spect, *Rage Fly rF+ Will+++}
   (You found it on level 7 of the Dungeon)

   rF:        It protects you from fire.
   Fly:       It grants you flight.
   *Rage:     It berserks you when you make melee attacks (+20% chance).
   Will:      It greatly increases your willpower.
 D - the +7 dagger "Utzaintiegesk" {freeze, *Noise Dex+6}
   (You found it on level 9 of the Dungeon)

   Dex:       It affects your dexterity (+6).
   *Noise:    It may make noises in combat.
Missiles
 f - 75 stones
 x - 15 poisoned darts (quivered)
 M - a throwing net
Armour
 a - a +0 robe (worn)
 A - an orb of mayhem (worn)
Magical Staves
 P - a staff of earth
Jewellery
 e - an amulet of faith
 h - a +6 ring of intelligence (left hand)
 k - an amulet of regeneration (around neck)
 n - a +6 ring of strength
 o - a ring of magical power (right hand)
 s - a ring of magical power
 u - a ring of see invisible
 H - a +4 ring of slaying
 K - a +4 ring of slaying
Wands
 t - a wand of roots (10)
 J - a wand of polymorph (3)
Scrolls
 c - a scroll of poison
 d - 4 scrolls of immolation
 g - 2 scrolls of blinking
 m - a scroll of amnesia
 q - a scroll of enchant weapon
 y - a scroll of fog
 E - 2 scrolls of enchant armour
 F - a scroll of fear
 L - a scroll of identify
 N - 2 scrolls of teleportation
Potions
 b - a potion of cancellation
 l - 2 potions of might
 p - 3 potions of ambrosia
 r - a potion of flight
 v - 2 potions of magic
 z - a potion of brilliance
 B - a potion of invisibility
 G - 3 potions of curing
 I - 3 potions of lignification
 O - 5 potions of heal wounds


   Skills:
 + Level 2.5 Fighting
 + Level 2.8 Polearms
 + Level 0.5 Throwing
 + Level 7.8 Dodging
 + Level 9.2 Stealth
 + Level 14.7 Spellcasting
 + Level 8.8 Conjurations
 + Level 7.6 Hexes
 + Level 3.5 Translocations
 + Level 2.5 Fire Magic
 + Level 2.8 Ice Magic
 + Level 6.6 Air Magic
 + Level 6.7 Poison Magic
 + Level 0.6 Evocations


You had 5 spell levels left.
You knew the following spells:

 Your Spells              Type           Power      Damage    Failure   Level
a - Magic Dart            Conj           100%       1d8       1%          1
b - Searing Ray           Conj           100%       2d8       1%          2
c - Mephitic Cloud        Conj/Pois/Air  56%        N/A       1%          3
d - Fulminant Prism       Conj/Hex       29%        3d13      1%          4
e - Freeze                Ice            100%       1d10      1%          1
f - Ensorcelled Hibernat  Hex/Ice        96%        N/A       1%          2
g - Poisonous Vapours     Pois/Air       100%       N/A       1%          2
h - Olgreb's Toxic Radia  Pois           54%        N/A       1%          4
i - Kindle Blastsparks    Fire/Tloc/Air  84%        2d17      1%          3
j - Sticky Flame          Conj/Fire      50%        2d7       1%          4
k - Inner Flame           Hex/Fire       47%        N/A       1%          3
l - Flame Wave            Conj/Fire      50%        2d12      1%          4
m - Ignite Poison         Fire/Tmut/Pois 36%        N/A       1%          3

Your spell library contained the following spells:

 Spells                   Type           Power      Damage    Failure   Level
 Kiss of Death            Conj/Necr      100%       2d13      1%          1
 Confusing Touch          Hex            57%        N/A       1%          3
 Dazzling Flash           Conj/Hex       100%       N/A       1%          3
 Spider Form              Tmut/Pois      38%        N/A       1%          3
 Iskenderun's Mystic Bla  Conj/Tloc      52%        2d11      1%          4
 Irradiate                Conj/Tmut      21%        3d18      3%          5
 Call Imp                 Summ           19%        N/A       4%          2
 Sublimation of Blood     Necr           19%        N/A       4%          2
 Wereblood                Tmut           19%        N/A       4%          2
 Silence                  Hex/Air        27%        N/A       4%          5
 Anguish                  Hex/Necr       20%        N/A       5%          4
 Lee's Rapid Deconstruct  Erth           9%         3d7*      19%         5
 Dispel Undead            Necr           19%        3d11      26%         4
 Petrify                  Tmut/Erth      19%        N/A       26%         4
 Agony                    Necr           19%        N/A       58%         5
 Summon Hydra             Summ           9%         N/A       100%        7


Dungeon Overview and Level Annotations

Branches:
Dungeon (12/15)            Temple (1/1) D:5            Lair (3/5) D:9
  Swamp (1/4) Lair:2        Snake (1/4) Lair:3          Orc (0/2) D:9
 Bailey (visited)

Altars:
Ashenzari
Cheibriados
Dithmenos
Elyvilon
Fedhas
Gozag
Hepliaklqana
Kikubaaqudgha
Makhleb
Nemelex Xobeh
Okawaru
Qazlal
Ru
Sif Muna
Trog
Uskayaw
Vehumet
Wu Jian
Xom
Yredelemnul
Zin
The Shining One

Shops:
D:6 (   D:9 (   D:12 (

Annotations:
D:12 Rupert


Innate Abilities, Weirdness & Mutations

You are very small and have problems with some larger weapons.
You are too small for most types of armour.
You have supernaturally acute eyesight. (SInv)
You cover ground extremely quickly. (Speed+++)


Message History

The anaconda completely misses you. x2; The anaconda misses you.
The anaconda bites you.
There is a staircase back to the Lair here.
Casting: Ensorcelled Hibernation (safe; 1% risk of failure)
Confirm with . or Enter, or press ? or * to list all spells.
Aiming: Sticky Flame (dangerous; 1% risk of failure)
Press: ? - help, Shift-Dir - straight line, f - anaconda
Aim: an anaconda (lightly wounded, very poisoned)
The sticky flame hits the anaconda.
The anaconda is lightly wounded.
The anaconda is covered in liquid flames!
The anaconda burns!
The anaconda closely misses you. The anaconda completely misses you.
The anaconda grabs you. The anaconda completely misses you.
The anaconda constricts you.
Casting: Sticky Flame (dangerous; 1% risk of failure)
Confirm with . or Enter, or press ? or * to list all spells.
Aiming: Searing Ray (safe; 1% risk of failure)
Press: ? - help, Shift-Dir - straight line, f/p - anaconda
Aim: an anaconda (lightly wounded, constricting you, covered in liquid flames, very poisoned, 77% to hit)
The searing ray hits the anaconda!
The anaconda is moderately wounded. (Press . to maintain the ray.)
The anaconda burns!
The anaconda misses you. The anaconda constricts you. The anaconda bites you!
The anaconda constricts you.
The searing ray hits the anaconda!
The anaconda is heavily wounded.
The anaconda burns!
The anaconda barely misses you. The anaconda constricts you.
The anaconda closely misses you. The anaconda constricts you.
The searing ray misses the anaconda.
The anaconda burns!
The anaconda bites you!! The anaconda constricts you.
The searing ray hits the anaconda.
The anaconda is severely wounded.
You finish channelling your searing ray.
The anaconda burns!
The anaconda bites you!
* * * LOW HITPOINT WARNING * * *
The anaconda constricts you.
* * * LOW HITPOINT WARNING * * *
The anaconda bites you!
You die...

...... .....
.... ...
.####..##
........###
.......S..##
#@...#
###.....#
....# ...#
... #.


You could see an anaconda (burning, very poisoned).

Vanquished Creatures
  An orc warlord (Bailey)
  2 two-headed ogres
  A lindwurm (Lair:1)
  A bog body (Lair:2)
  An orc knight (Bailey)
  5 elephants (Lair:1)
  A torpor snail (Lair:2)
  A black mamba (Lair:3)
  4 cane toads
  An unseen horror (D:12)
  Maggie (D:9)
  A rime drake (Lair:1)
  2 kobold demonologists (D:9)
  3 komodo dragons (Lair:3)
  3 dream sheep (Lair:2)
  3 blink frogs (Lair:2)
  A wraith (D:12)
  A basilisk (Lair:3)
  15 yaks
  2 steam dragons
  An acid dragon (D:9)
  3 swamp worms (Lair:2)
  3 nagas (Lair:3)
  9 water moccasins
  12 orc warriors
  2 ice beasts
  5 black bears
  An ogre (D:6)
  5 wolves (Lair:2)
  5 centaurs
  11 bullfrogs
  2 gnoll sergeants
  4 scorpions
  8 wights
  9 killer bees
  8 howler monkeys
  2 hounds
  3 jellies
  An orc priest (D:8)
  A sleepcap (D:7)
  3 iguanas
  10 orc wizards
  14 gnolls
  7 adders
  A shadow imp (D:6)
  A white imp (D:5)
  4 dart slugs
  28 orcs
  12 ball pythons
  7 endoplasms
  3 giant cockroaches
  17 goblins
  19 hobgoblins
  6 jackals (D:1)
  3 quokkas
  12 bats
  4 frilled lizards
  6 kobolds
  2 rats (D:3)
  4 fulminant prisms
308 creatures vanquished.

Vanquished Creatures (collateral kills)
  A wight (D:9)
  An orc (D:9)
  3 fulminant prisms
5 creatures vanquished.

Vanquished Creatures (others)
  A bloated husk (Swamp:1)
  A water moccasin (Lair:3)
  A sky beast (D:8)
  An electric eel (Lair:2)
  An orc priest (D:9)
  88 fulminant prisms
  72 fungi
  88 plants
253 creatures vanquished.

Grand Total: 566 creatures vanquished

Notes
Turn   | Place    | Note
-------+----------+-------------------------------------------
     0 | D:1      | Jossarian the Spriggan Conjurer began the quest for the
                  | Orb.
     0 | D:1      | Reached XP level 1. HP: 9/9 MP: 5/5
   209 | D:1      | Reached XP level 2. HP: 13/13 MP: 2/6
   489 | D:1      | Learned a level 2 spell: Searing Ray
   520 | D:1      | Reached skill level 3 in Spellcasting
   997 | D:1      | Reached XP level 3. HP: 16/16 MP: 4/8
  1251 | D:1      | Found a faded altar of an unknown god.
  1914 | D:2      | Learned a level 3 spell: Mephitic Cloud
  2329 | D:2      | Reached XP level 4. HP: 21/21 MP: 3/10
  2877 | D:3      | Reached skill level 4 in Spellcasting
  3061 | D:3      | Identified the +1 chain mail "Nosoh" {rPois rF- Dex+5}
  3658 | D:3      | Found a hide-covered altar of Uskayaw.
  3785 | D:3      | Found a broken altar of Ashenzari.
  4387 | D:4      | Reached XP level 5. HP: 24/24 MP: 3/13
  4753 | D:4      | Noticed a black bear
  4860 | D:4      | Reached skill level 5 in Spellcasting
  5199 | D:4      | Killed a black bear
  5200 | D:4      | Reached XP level 6. HP: 28/28 MP: 0/15
  5335 | D:5      | Entered Level 5 of the Dungeon
  5340 | D:5      | Noticed an ice beast
  5387 | D:4      | Killed an ice beast
  5388 | D:4      | Reached skill level 6 in Spellcasting
  5652 | D:5      | Found a staircase to the Ecumenical Temple.
  5666 | Temple   | Entered the Ecumenical Temple
  5666 | Temple   | Found a transporter.
  5666 | Temple   | Found a transporter.
  5668 | Temple   | Found a transporter.
  5668 | Temple   | Found a transporter.
  5714 | Temple   | Became a worshipper of Vehumet
  5828 | D:5      | Reached XP level 7. HP: 13/32 MP: 11/17
  6108 | D:5      | Found a glowing golden altar of the Shining One.
  6192 | D:5      | Found a white marble altar of Elyvilon.
  6261 | D:5      | Reached skill level 7 in Spellcasting
  6261 | D:5      | Reached skill level 5 in Conjurations
  6815 | D:5      | Identified a scroll of acquirement
  6815 | D:5      | Acquired the +8 lance "Wyrmbane" {slay drac, rPois rF+ rC+
                  | AC+3}
  6815 | D:5      | Found the +8 lance "Wyrmbane" {slay drac, rPois rF+ rC+
                  | AC+3}
  6839 | D:6      | Found Ladischom's Weapon Emporium.
  6951 | D:6      | Identified the +6 battleaxe of the Building Boar {elec,
                  | Contam rC+++ Int-3 Stlth+}
  6989 | D:6      | Reached XP level 8. HP: 36/36 MP: 16/20
  7081 | D:6      | Reached skill level 1 in Air Magic
  7180 | D:6      | Reached skill level 5 in Dodging
  7411 | D:6      | Reached skill level 5 in Stealth
  7412 | D:6      | Reached skill level 8 in Spellcasting
  7481 | D:6      | Learned a level 4 spell: Fulminant Prism
  8009 | D:7      | Reached * piety under Vehumet
  8009 | D:7      | Offered knowledge of Freeze by Vehumet.
  8012 | D:7      | Learned a level 1 spell: Freeze
  8242 | D:7      | Reached skill level 1 in Poison Magic
  8525 | D:7      | Reached skill level 9 in Spellcasting
  8525 | D:7      | Reached XP level 9. HP: 40/40 MP: 11/23
  8799 | D:7      | Identified the +0 mace of Amorality {spect, *Rage Fly rF+
                  | Will+++}
  8968 | D:7      | Noticed a manticore
  9171 | D:7      | Found a sacrificial altar of Ru.
  9437 | D:8      | Found a flagged portal.
  9457 | Bailey   | Entered a bailey
  9898 | Bailey   | Reached ** piety under Vehumet
  9898 | Bailey   | Offered knowledge of Static Discharge by Vehumet.
  9899 | Bailey   | Reached skill level 1 in Hexes
 10129 | Bailey   | Reached skill level 10 in Spellcasting
 10330 | Bailey   | Acquired a book of the Senses
 10718 | Bailey   | Reached skill level 11 in Spellcasting
 10718 | Bailey   | Reached XP level 10. HP: 47/47 MP: 26/26
 10783 | Bailey   | Noticed an orc warlord
 10830 | Bailey   | Noticed an orc knight
 10891 | Bailey   | Killed an orc knight
 11003 | Bailey   | Learned a level 2 spell: Ensorcelled Hibernation
 11761 | Bailey   | Killed an orc warlord
 11762 | Bailey   | Reached skill level 12 in Spellcasting
 11762 | Bailey   | Reached XP level 11. HP: 51/51 MP: 2/28
 12446 | D:8      | Offered knowledge of Poisonous Vapours by Vehumet.
 12468 | D:8      | Learned a level 2 spell: Poisonous Vapours
 12914 | D:9      | Found Panucym's Weapon Emporium.
 12916 | D:9      | Bought a +2 longbow of freezing for 260 gold pieces
 13183 | D:9      | Reached *** piety under Vehumet
 13185 | D:9      | Reached skill level 5 in Hexes
 13357 | D:9      | Noticed Maggie
 13377 | D:9      | You fall into a shaft and drop 3 floors!
 13388 | D:12     | Noticed a two-headed ogre
 13398 | D:12     | Found Jixy's Antique Weapon Boutique.
 13401 | D:12     | Noticed a deep elf pyromancer
 13424 | D:12     | Found a hazy altar of Hepliaklqana.
 13476 | D:12     | Offered knowledge of Olgreb's Toxic Radiance by Vehumet.
 13529 | D:12     | Reached skill level 1 in Ice Magic
 13719 | D:12     | Killed a two-headed ogre
 13822 | D:12     | Noticed Rupert
 13894 | D:12     | Noticed a boulder beetle
 13941 | D:10     | Entered Level 10 of the Dungeon
 14235 | D:10     | Found an opulent altar of Gozag.
 14272 | D:9      | Identified the +7 dagger "Utzaintiegesk" {freeze, *Noise
                  | Dex+6}
 14520 | D:9      | Reached skill level 5 in Poison Magic
 14651 | D:9      | Killed Maggie
 14997 | D:9      | Found a staircase to the Lair.
 14997 | D:9      | Found a staircase to the Orcish Mines.
 14997 | D:9      | Noticed a two-headed ogre
 15137 | D:9      | Reached skill level 13 in Spellcasting
 15403 | D:9      | Killed a two-headed ogre
 15783 | Lair:1   | Entered Level 1 of the Lair of Beasts
 15869 | Lair:1   | Reached skill level 5 in Air Magic
 15956 | Lair:1   | Reached **** piety under Vehumet
 16834 | Lair:1   | Reached XP level 12. HP: 56/56 MP: 6/30
 17209 | Lair:1   | Learned a level 4 spell: Olgreb's Toxic Radiance
 17213 | Lair:1   | Learned a level 3 spell: Kindle Blastsparks
 17400 | Lair:1   | Reached skill level 1 in Fire Magic
 17400 | Lair:1   | Reached XP level 13. HP: 59/59 MP: 31/31
 17582 | Lair:2   | Learned a level 4 spell: Sticky Flame
 17586 | Lair:2   | Learned a level 3 spell: Inner Flame
 17591 | Lair:2   | Learned a level 4 spell: Flame Wave
 17618 | Lair:2   | Offered knowledge of Ignite Poison by Vehumet.
 17619 | Lair:2   | Reached skill level 14 in Spellcasting
 18717 | Lair:2   | Found a staircase to the Swamp.
 18920 | Swamp:1  | Entered Level 1 of the Swamp
 19972 | Lair:3   | Learned a level 3 spell: Ignite Poison
 20148 | Lair:3   | Found a staircase to the Snake Pit.
 20160 | Snake:1  | Entered Level 1 of the Snake Pit
 20191 | Snake:1  | Mangled by an anaconda

Illustrated notes

Levels and vault maps discovered:
D:1:      onia_arrival_pentagram, layout_basic, basic_ecumenical_altar,
          minmay_pentomino_o2
D:2:      layout_basic
D:3:      layout_basic, mainiacjoe_overflow_catch_the_wave,
          minmay_fractal_squares_5
D:4:      nicolae_BIG_FREAKIN_CUBE, layout_loops_cross
D:5:      layout_basic, lemuel_doored_altar, elyvilon_altar_4,
          minmay_temple_entry_overgrown, hangedman_decor_opposing
D:6:      layout_basic, serial_shops, nicolae_shop_crystal
D:7:      hellmonk_crumbling_castle, layout_cave_pools,
          nicolae_ru_path_of_blood, lightli_corner_chamber
D:8:      layout_basic, enter_bailey_6
D:9:      layout_roguey, due_lair_maze_entry_diamond, orc_0_dummy, serial_shops,
          shop, uniq_maggie
D:10:     layout_rooms, nicolae_overflow_hidden_temple,
          mainiacjoe_overflow_tiny_flanked
D:11:     cheibrodos_lost_city_excavation, layout_long_grid,
          nicolae_trove_entry_crystal, dk_noncrumbling_4
D:12:     layout_stronghold, serial_shops,
          nicolae_shop_competitors_out_of_business,
          nicolae_hepliaklqana_hazy_memory, uniq_rupert
Temple:   hellmonk_temple_divided_pantheon
Lair:1:   layout_long_grid, chequers_serial_rivers_large_b,
          nicolae_lair_lindhole
Lair:2:   layout_chaotic_city, nicolae_swamp_entry_splash_gauntlet
Lair:3:   layout_loops_ring, nicolae_snake_entry_squirm
Swamp:1:  layout_basic_swamp, nicolae_swamp_tree_designs,
          nicolae_swamp_trees_clearing, uniq_frances, uniq_nikola
Snake:1:  layout_layer_cave, uniq_aizul

Skill      XL: |  1  2  3  4  5  6  7  8  9 10 11 12 13 |
---------------+----------------------------------------+-----
Conjurations   | 3 4 5 6 7 8 |  8.8
Spellcasting   | 3 4 5 6 7 9 11 12 13 14 | 14.7
Dodging        | 3 4 6 7 |  7.8
Stealth        | 4 5 7 8 9 |  9.2
Air Magic      | 1 3 5 6 |  6.6
Poison Magic   | 1 3 5 6 |  6.7
Hexes          | 3 4 6 7 |  7.6
Fighting       | 2 |  2.5
Polearms       | 2 |  2.8
Ice Magic      | 1 2 |  2.8
Translocations | 3 |  3.5
Fire Magic     | 1 2 |  2.5
Throwing       | |  0.5
Evocations     | |  0.6

Action                     |  1- 3 |  4- 6 |  7- 9 | 10-12 | 13-15 || total
---------------------------+-------+-------+-------+-------+-------++-------
  Melee: Dagger            |     2 |       |       |       |       ||     2
         Lance             |       |       |    20 |    14 |     2 ||    36
  Throw: Dart              |       |       |       |     8 |       ||     8
         Throwing net      |       |       |       |     1 |       ||     1
   Cast: Magic Dart        |    87 |    86 |    98 |    25 |     9 ||   305
         Searing Ray       |     8 |    17 |    67 |    78 |    31 ||   201
         Mephitic Cloud    |       |     4 |    31 |    45 |    15 ||    95
         Fulminant Prism   |       |       |     8 |    70 |    18 ||    96
         Ensorcelled Hiber |       |       |       |    25 |     3 ||    28
         Freeze            |       |       |       |     4 |     1 ||     5
         Poisonous Vapours |       |       |       |    60 |    39 ||    99
         Kindle Blastspark |       |       |       |     1 |     7 ||     8
         Inner Flame       |       |       |       |       |    15 ||    15
         Sticky Flame      |       |       |       |       |     2 ||     2
         Ignite Poison     |       |       |       |       |     1 ||     1
  Evoke: Wand              |       |       |       |     7 |       ||     7
    Use: Potion            |     1 |       |     1 |     2 |       ||     4
         Scroll            |     4 |     6 |    11 |     5 |     1 ||    27
   Stab: Confused          |       |       |     4 |       |       ||     4
         Distracted        |       |       |       |     1 |       ||     1
 Armour: Robe              |     5 |     1 |     4 |     6 |     1 ||    17
  Dodge: Dodged            |    29 |    10 |    54 |    49 |    26 ||   168

Table legend: (Time is in decaauts)
 A = Elapsed time spent in this place.
 B = Non-inter-level travel time spent in this place.
 C = Inter-level travel time spent in this place.
 D = Time resting spent in this place.
 E = Time spent auto-exploring this place.
 F = Levels seen in this place.
 G = Mean time per level.
                   A        B        C        D        E       F      G
               +--------+--------+--------+--------+--------+-----+--------+
         Total |  15561 |  10977 |   4584 |   6887 |      0 |  19 |  819.0 |
       Dungeon |  10140 |   6642 |   3498 |   4549 |      0 |  12 |  845.0 |
        Temple |     42 |      8 |     34 |      0 |      0 |   1 |   42.0 |
          Lair |   3266 |   2214 |   1052 |   1208 |      0 |   3 | 1088.7 |
         Swamp |     22 |     22 |      0 |      0 |      0 |   1 |   22.0 |
     Snake Pit |     11 |     11 |      0 |      0 |      0 |   1 |   11.0 |
        Bailey |   2079 |   2079 |      0 |   1130 |      0 |   1 | 2079.0 |
               +--------+--------+--------+--------+--------+-----+--------+

Top non-repeatable levels by time:
  Bailey: 2079 daAuts
     D:9: 1453 daAuts
     D:1: 1321 daAuts
  Lair:2: 1274 daAuts
     D:4: 1236 daAuts
  Lair:1: 1160 daAuts
     D:8: 980 daAuts
     D:7: 975 daAuts
     D:3: 909 daAuts
     D:2: 877 daAuts
     D:5: 840 daAuts
     D:6: 836 daAuts
  Lair:3: 831 daAuts
    D:12: 448 daAuts
    D:10: 256 daAuts
